 Dungeon Crawl Stone Soup version 0.30.0-10-gfe55d96785 (webtiles) character file.

Game seed: 5901699172050431116

74 monsoonserge the Covered (level 4, -7/40 HPs)
             Began as a Meteoran Fighter on May 15, 2023.
             Mangled by a gnoll
             ... wielding a +2 whip of freezing
              (10 damage)
             ... on level 2 of the Dungeon.
             The game lasted 00:03:24 (656 turns).

monsoonserge the Covered (Meteoran Fighter)          Turns: 656, Time: 00:03:25

Health: -7/40      AC:  7    Str: 20    XL:     4   Next: 82%
Magic:  5/5        EV:  9    Int:  9    God:
Gold:   110        SH:  5    Dex: 13    Spells: 3/3 levels left

rFire   . . .        a - +0 flail
rCold   . . .        c - +0 buckler
rNeg    . . .        b - +0 scale mail
rPois   .            (no helmet)
rElec   .            (no cloak)
rCorr   .            (no gloves)
SInv    .            (no boots)
Will    .....        (no amulet) Stlth
                     (no ring)
HPRegen 0.26/turn    (no ring)
MPRegen 0.09/turn

%: no passive effects
@: glowing
A: sense surroundings 1, otherworldly, glowing, explore regen
a: no special abilities


You were on level 2 of the Dungeon.
You visited 1 branch of the dungeon, and saw 3 of its levels.

You collected 110 gold pieces.

Inventory:

Hand Weapons
 a - a +0 flail (weapon)
Missiles
 g - 4 javelins (quivered)
Armour
 b - a +0 scale mail (worn)
 c - a +0 buckler (worn)
Scrolls
 e - a scroll of fear {unknown}
 f - 2 scrolls of identify {unknown}
 h - a scroll of silence {unknown}
 j - a scroll of teleportation {unknown}
Potions
 d - 2 potions of might
 i - a potion of resistance {unknown}


   Skills:
 + Level 3.9 Fighting
 + Level 3.6 Maces & Flails
 + Level 4.4 Armour
 + Level 0.4 Dodging
 + Level 4.2 Shields


You had 3 spell levels left.
You didn't know any spells.
Your spell library contained the following spells:

 Spells                   Type           Power      Damage    Failure   Level
 Vhi's Electric Charge    Tloc/Air       0%         N/A       99%         3
 Arcjolt                  Conj/Air       0%         1d10      100%        5
 Plasma Beam              Fire/Air       0%         2x1d11    100%        6


Dungeon Overview and Level Annotations

Branches:
Dungeon (3/15) Zot: 1103

Altars:


Innate Abilities, Weirdness & Mutations

You passively map a small area around you.
You are easily found by Zot.
You glow in the dark.
You regain HP and MP as you explore.


Message History

You hit the adder but do no damage.
The adder is severely wounded.
You feel sick. The adder bites you but does no damage.
The gnoll hits you from afar with a +0 spear.
You hit the adder.
You kill the adder!
You feel sick. The gnoll hits you but does no damage.
You closely miss the goblin.
You feel sick. You block the gnoll's attack.
The goblin hits you but does no damage.
You thump the goblin!
You kill the goblin!
You feel sick.
You are no longer poisoned.
The gnoll hits you but does no damage.
The gnoll hits you from afar with a +0 spear.
The gnoll hits you with a +0 whip.
You hit the gnoll.
The gnoll is heavily wounded.
The gnoll hits you with a +0 whip.
* * * LOW HITPOINT WARNING * * *
The gnoll barely misses you.
You thump the gnoll!
You kill the gnoll!
The gnoll closely misses you.
You sock the jackal!
You kill the jackal!
The gnoll hits you from afar with a +0 spear.
* * * LOW HITPOINT WARNING * * *
You hit the gnoll but do no damage. You block the gnoll's attack.
The gnoll hits you from afar with a +0 spear.
* * * LOW HITPOINT WARNING * * *
Press: ? - help, v - describe, . - travel, g - get item
Here: a gnoll, wielding a +2 whip of freezing
Items here: ))) ? †.
The floor, spattered with blood.
You hit the gnoll.
The gnoll is lightly wounded.
You block the gnoll's attack. The gnoll hits you but does no damage.
The gnoll hits you with a +2 whip of freezing!
You die...

..<....#.#* ,
#........##.. , *
.......####.# , .......#
#.# .†.†...# #.# *
......## #.# >......####.#
#.####....#.######## ####.
*
....#####......†@gg#......
, ....# ###.######h......h
....# #.# #........ ....#
#.# #.<...... , ##### #.#
#........ # #.# #........
##* #.# #........ ..## #.#
#........ , , #..# ####.##
##....... , *


You could see 2 gnolls and a jackal.

Vanquished Creatures
  A gnoll (D:2)
  2 adders (D:2)
  A dart slug (D:1)
  3 endoplasms
  3 giant cockroaches
  5 goblins
  A hobgoblin (D:2)
  5 jackals
  2 kobolds
  3 quokkas
  9 ball pythons
  2 bats (D:2)
  5 rats
42 creatures vanquished.

Notes
Turn   | Place    | Note
-------+----------+-------------------------------------------
     0 | D:1      | monsoonserge the Meteoran Fighter began the quest for the
                  | Orb.
     0 | D:1      | Reached XP level 1. HP: 19/19 MP: 2/2
   116 | D:1      | Reached XP level 2. HP: 23/26 MP: 3/3
   255 | D:1      | Reached XP level 3. HP: 26/31 MP: 4/4
   519 | D:2      | Reached XP level 4. HP: 36/40 MP: 5/5
   656 | D:2      | Mangled by a gnoll

Illustrated notes

Levels and vault maps discovered:
D:1:      co_arrival_square_in_a_square_in_a_square, layout_basic
D:2:      layout_rooms
D:3:      layout_loops_corners, grunt_temple_overflow_growth_and_decay,
          mainiacjoe_overflow_concentric_impassable

Skill      XL: |  1  2  3 |
---------------+----------+-----
Armour         | 4 |  4.4
Shields        | 4 |  4.2
Maces & Flails | 3 |  3.6
Fighting       | |  3.9
Dodging        | |  0.4

Action                     |  1- 3 |  4- 6 || total
---------------------------+-------+-------++-------
  Melee: Flail             |   101 |    34 ||   135
 Armour: Scale mail        |    45 |    19 ||    64
  Dodge: Dodged            |    40 |    21 ||    61
  Block: Buckler           |    30 |    19 ||    49
